 Dungeon Crawl Stone Soup version 0.27-a0-1191-g601b473118 (webtiles) character file.

Game seed: 15068336234283812719

106 1player the Insei (level 4, 0/28 HPs)
             Began as an Octopode Transmuter on May 23, 2021.
             Killed by divine providence
             ... invoked by an orc priest
              (15 damage)
             ... on level 3 of the Dungeon.
             The game lasted 00:07:50 (3330 turns).

1player the Insei (Octopode Transmuter)             Turns: 3330, Time: 00:07:50

Health: 0/28       AC:  2    Str:  9    XL:     4   Next: 84%
Magic:  4/7        EV: 19    Int: 16    God:
Gold:   74         SH:  0    Dex: 17    Spells: 3/7 levels left

rFire    . . .     SeeInvis .     - Unarmed
rCold    . . .     Faith    .   (shield currently unavailable)
rNeg     . . .     Spirit   .   (helmet currently unavailable)
rPois    x         Reflect  .   (no amulet)
rElec    .         Harm     .   (no ring)
rCorr    .         Rampage  .   (no ring)
Will     .....                  (no ring)
Stlth    ++........             (no ring)
HPRegen  0.09/turn              (no ring)
MPRegen  0.10/turn              (no ring)
                                (no ring)
                                (no ring)

@: spider-form
A: venomous fangs, almost no armour, (amphibious), 8 rings, tiny, (camouflage
1), (gelatinous body 1), (nimble swimmer 1), (tentacles)
a: End Transformation


You were on level 3 of the Dungeon.
You were a venomous arachnid creature.
You visited 1 branch of the dungeon, and saw 3 of its levels.

You collected 74 gold pieces.

Inventory:

Scrolls
 a - a scroll of vulnerability {unknown}
 c - a scroll of immolation {unknown}
 g - 2 scrolls of amnesia
 j - a scroll of enchant weapon {unknown}
Potions
 b - a potion of ambrosia {unknown}
 d - a potion of berserk rage {unknown}
 e - a potion of curing {unknown}
 f - a potion of invisibility {unknown}
 h - a potion of attraction {unknown}
 i - a potion of might {unknown}


   Skills:
 - Level 1.3 Fighting
 - Level 2.0 Dodging
 + Level 3.8 Unarmed Combat
 - Level 2.0 Spellcasting
 * Level 3.0 Transmutations
 - Level 3.0 Poison Magic


You had 3 spell levels left.
You knew the following spells:

 Your Spells              Type           Power      Damage    Failure   Level
a - Beastly Appendage     Tmut           22%        N/A       17%         1
q - Spider Form           Tmut/Pois      5%         N/A       38%         3

Your spell library contained the following spells:

 Spells                   Type           Power      Damage    Failure   Level
 Wereblood                Tmut           11%        N/A       22%         2
 Ice Form                 Ice/Tmut       6%         N/A       88%         4
 Hydra Form               Tmut           5%         N/A       95%         5


Dungeon Overview and Level Annotations

Branches:
Dungeon (3/15)

Altars:


Innate Abilities, Weirdness & Mutations

You are a venomous arachnid creature.
You have poisonous fangs.
You are tiny and dextrous.
Your spellcasting is less reliable in this form.
Your armour is entirely melded.
You are incapable of wielding weapons or throwing items.
You cannot wear most types of armour.
((You are amphibious.))
You can wear up to eight rings at the same time.
((Your skin changes colour to match your surroundings (Stealth+).))
((Your rubbery body absorbs attacks. (AC +1, EV +1)))
((You are camouflaged near water. (Stealth+)))
((You have tentacles for arms and can constrict up to eight enemies at once.))


Message History

The endoplasm quivers.
The endoplasm quivers.
You barely miss the endoplasm. The endoplasm freezes you.
You are frozen.
You tentacle-slap the endoplasm.
The endoplasm is lightly wounded.
The endoplasm freezes you.
You are frozen.
You tentacle-slap the endoplasm.
You kill the endoplasm!
The endoplasm misses you.
You tentacle-slap the endoplasm but do no damage.
The endoplasm closely misses you.
You barely miss the endoplasm. The endoplasm freezes you.
You are frozen.
You completely miss the endoplasm. You squeeze the endoplasm.
You kill the endoplasm!
No target in view!
You start resting.
HP restored.
j - a scroll labelled LOSIOBEC MUTUU An orc priest comes into view.
It is wielding a +0 trident.
The orc priest shouts!
You hear a shout!
Unknown command.
Press: ? - help, v - describe, . - travel, g - get item
Here: an orc priest, wielding a +0 trident Item here: a metal-bound book.
The floor.
Casting: Spider Form (quite dangerous; 19% risk of failure)
Confirm with . or Enter, or press ? or * to list all spells.
The spell is quite dangerous to cast (19% risk of failure)!
Continue anyway?
You turn into a venomous arachnid creature.
The orc priest invokes the aid of Beogh against you.
Beogh smites you!
The orc priest mumbles some strange prayers to Beogh against you.
Beogh smites you!
Ouch! That really hurt!
You die...

#.#<##.## ##.## #.#.#o
..... #.#.##.#
##...####....# ....#
#.#.##.# ##..........:..
.o..o
#.#.##.###.......#.o....
#.#.##..##..............
#.#.###.................
#.#.# #.###.............
####.#.# #.# ##...##......#
....>..###.####.s####.#####
.###..###......_......# .#
#..............##..# .#
##.###..###⌠..## .. .#
#†.........### #
.####.###..##..# ....#.#
#..##..# ......# #..##..#
###.#.# #..##†.#


You could see an orc priest.

Vanquished Creatures
  An orc priest (D:2)
  2 adders (D:2)
  2 worms
  2 dart slugs
  3 orcs
  A ball python (D:3)
  3 bats
  6 endoplasms
  A giant cockroach (D:2)
  3 goblins
  5 hobgoblins (D:1)
  6 jackals
  A quokka (D:1)
  3 frilled lizards
  4 rats
43 creatures vanquished.

Vanquished Creatures (others)
  4 toadstools (D:1)
4 creatures vanquished.

Grand Total: 47 creatures vanquished

Notes
Turn   | Place    | Note
-------+----------+-------------------------------------------
     0 | D:1      | 1player the Octopode Transmuter began the quest for the
                  | Orb.
     0 | D:1      | Reached XP level 1. HP: 13/13 MP: 3/3
   240 | D:1      | Reached skill level 1 in Poison Magic
   501 | D:1      | Reached XP level 2. HP: 18/18 MP: 5/5
  1332 | D:2      | Reached XP level 3. HP: 23/23 MP: 4/6
  1336 | D:2      | Learned a level 3 spell: Spider Form
  2205 | D:2      | Reached XP level 4. HP: 28/28 MP: 4/7
  2927 | D:3      | Found a faded altar of an unknown god.
  3330 | D:3      | Killed from afar by an orc priest

Illustrated notes

Levels and vault maps discovered:
D:1:      ldierk_water_garden, layout_loops_ring
D:2:      layout_loops_ring
D:3:      layout_loops_ring, ebering_ecumenical_altar_abandoned

Skill      XL: |  1  2  3  4 |
---------------+-------------+-----
Poison Magic   | 1 3 |  3.0
Transmutations | 3 |  3.0
Fighting       | |  1.3
Dodging        | |  2.0
Unarmed Combat | |  3.8
Spellcasting   | |  2.0

Action                   |  1- 3 |  4- 6 || total
-------------------------+-------+-------++-------
Melee: Unarmed           |    65 |    45 ||   110
       Constrict         |    13 |     2 ||    15
       Kick              |     7 |       ||     7
       Tentacles         |     6 |     4 ||    10
 Cast: Beastly Appendage |    10 |       ||    10
       Spider Form       |     5 |     5 ||    10
  Use: Scroll            |       |     1 ||     1
 Stab: Sleeping          |     7 |     3 ||    10
Armor: Skin              |     6 |     6 ||    12
Dodge: Dodged            |    44 |    38 ||    82

Table legend: (Time is in decaauts)
 A = Elapsed time spent in this place.
 B = Non-inter-level travel time spent in this place.
 C = Inter-level travel time spent in this place.
 D = Time resting spent in this place.
 E = Time spent auto-exploring this place.
 F = Levels seen in this place.
 G = Mean time per level.
                   A        B        C        D        E       F      G
               +--------+--------+--------+--------+--------+-----+--------+
         Total |   3324 |   3220 |    104 |   1399 |    836 |   3 | 1108.0 |
       Dungeon |   3324 |   3220 |    104 |   1399 |    836 |   3 | 1108.0 |
               +--------+--------+--------+--------+--------+-----+--------+

Top non-repeatable levels by time:
     D:1: 1506 daAuts
     D:2: 1063 daAuts
     D:3: 754 daAuts
